 Dungeon Crawl Stone Soup version 0.29.1-12-g30fa7ad0bf (webtiles) character file.

Game seed: 9454689811352785152

1506 funkygono the Firebug (level 8, -5/53 HPs)
             Began as a Demonspawn Fire Elementalist on Jan 4, 2023.
             Slain by an orc warrior
             ... wielding a +0 mace
              (6 damage)
             ... on level 5 of the Dungeon.
             The game lasted 00:12:41 (7888 turns).

funkygono the Firebug (DsFE)                        Turns: 7888, Time: 00:12:42

Health: -5/53      AC:  9    Str:  8    XL:     8   Next: 52%
Magic:  2/17       EV: 12    Int: 21    God:
Gold:   264        SH:  0    Dex: 14    Spells: 7/19 levels left

rFire   + . .      SeeInvis .   b - +2 flail (protect)
rCold   . . .      Faith    .   (no shield)
rNeg    . . .      Spirit   .   C - +1 robe {rF+}
rPois   .          Reflect  .   e - +2 hat
rElec   .          Harm     .   (no cloak)
rCorr   .          Rampage  .   (no gloves)
Will    .....                   (no boots)
Stlth   ++........              (no amulet)
HPRegen 0.17/turn               z - +4 ring of protection
MPRegen 0.15/turn               (no ring)

@: studying Armour
A: ignite blood 1, powered by death 1, big brain 1
a: no special abilities


You were on level 5 of the Dungeon.
You visited 2 branches of the dungeon, and saw 7 of its levels.

You collected 264 gold pieces.

Inventory:

Hand Weapons
 b - a +2 flail of protection (weapon)
 g - a +2 quarterstaff of chaos
 i - a +1 short sword of draining
 j - a +0 whip
 A - the +7 falchion of Eternal Vigilance {antimagic, Int+3}
   (You found it on level 4 of the Dungeon)

   It reduces the magical energy of the wielder, and disrupts the spells and
   magical abilities of those it strikes.
   Natural abilities and divine invocations are not affected.
   Int:       It affects your intelligence (+3).
Armour
 e - a +2 hat (worn)
 x - a +0 ring mail of willpower
 C - a +1 robe of fire resistance (worn)
Jewellery
 z - a +4 ring of protection (left hand)
Wands
 w - a wand of flame (19)
 y - a wand of paralysis (10)
Scrolls
 l - 2 scrolls of silence
 n - a scroll of poison
 p - 4 scrolls of teleportation
 r - a scroll of fear
Potions
 a - 2 potions of curing
 c - a potion of brilliance
 d - 2 potions of resistance
 f - a potion of attraction {unknown}
 k - 2 potions of mutation
 o - a potion of ambrosia
 q - 2 potions of lignification
 t - a potion of flight {unknown}
 B - a potion of heal wounds


   Skills:
 + Level 0.5 Fighting
 + Level 0.1 Maces & Flails
 + Level 2.5 Dodging
 - Level 1.7 Stealth
 + Level 6.3 Spellcasting
 + Level 5.0 Conjurations
 + Level 6.4 Fire Magic


You had 7 spell levels left.
You knew the following spells:

 Your Spells              Type           Power      Damage    Failure   Level
a - Foxfire               Conj/Fire      100%       2x1d9     1%          1
b - Scorch                Fire           66%        2d8       1%          2
c - Conjure Flame         Conj/Fire      30%        6-21      2%          3
d - Flame Wave            Conj/Fire      30%        2d9       9%          4
e - Searing Ray           Conj           54%        2d6       1%          2

Your spell library contained the following spells:

 Spells                   Type           Power      Damage    Failure   Level
 Magic Dart               Conj           100%       1d8       1%          1
 Inner Flame              Hex/Fire       20%        N/A       8%          3
 Slow                     Hex            24%        N/A       10%         1
 Summon Small Mammal      Summ           24%        N/A       10%         1
 Dazzling Flash           Conj/Hex       34%        N/A       11%         3
 Call Canine Familiar     Summ           6%         N/A       28%         3
 Confusing Touch          Hex            6%         N/A       28%         3
 Frozen Ramparts          Ice            12%        1d2       28%         3
 Summon Guardian Golem    Hex/Summ       6%         N/A       28%         3
 Vampiric Draining        Necr           6%         2d6       28%         3
 Fulminant Prism          Conj/Hex       8%         3d7       34%         4
 Ice Form                 Ice/Tmut       6%         N/A       67%         4
 Summon Ice Beast         Ice/Summ       6%         N/A       67%         4
 Agony                    Necr           6%         N/A       95%         5
 Silence                  Hex/Air        3%         N/A       95%         5
 Summon Cactus Giant      Summ           3%         N/A       100%        6


Dungeon Overview and Level Annotations

Branches:
Dungeon (6/15)             Temple (1/1) D:5

Altars:
Ashenzari
Cheibriados
Dithmenos
Fedhas
Gozag
Hepliaklqana
Kikubaaqudgha
Makhleb
Nemelex Xobeh
Okawaru
Ru
Sif Muna
Trog
Uskayaw
Vehumet
Xom


Innate Abilities, Weirdness & Mutations

Your demonic aura sometimes causes spilled blood to erupt in flames.
You regenerate a little health from kills.
You have an unusually large brain. (Int +2)


Message History

Confirm with . or Enter, or press ? or * to list all spells.
You don't have enough magic to cast this spell.
Unknown command.
The orc priest attacks as you move away!
The orc priest hits you with a +0 club.
The orc warrior attacks as you move away!
The orc warrior closely misses you.
The orc priest calls upon Beogh to heal the orc warrior.
The orc warrior's wounds heal themselves!
The orc warrior attacks as you move away!
The orc warrior hits you but does no damage.
The orc warrior attacks as you move away!
The orc warrior closely misses you.
The orc priest mumbles some strange prayers to Beogh against you.
Beogh smites you!
* * * LOW HITPOINT WARNING * * *
There is a stone staircase leading up here.
The orc warrior hits you with a +0 mace.
* * * LOW HITPOINT WARNING * * *
You climb upwards.
There is a stone staircase leading down here.
The orc warrior attacks as you move away!
The orc warrior hits you with a +0 mace.
* * * LOW HITPOINT WARNING * * *
Casting: Foxfire (safe; 1% risk of failure)
Confirm with . or Enter, or press ? or * to list all spells.
You conjure some foxfire!
The orc warrior hits you with a +0 mace!
* * * LOW HITPOINT WARNING * * *
Casting: Foxfire (safe; 1% risk of failure)
Confirm with . or Enter, or press ? or * to list all spells.
Flames lash the orc warrior.
The orc warrior is moderately wounded.
The orc warrior's fire resistance burns away.
The foxfire hits the orc warrior but does no damage.
The orc warrior is moderately wounded.
The foxfire hits the orc warrior.
The orc warrior is burned terribly!
The orc warrior is heavily wounded.
The orc warrior hits you with a +0 mace.
You die...

#.##.............#########
#........>.......#
#.##.#######.###.# #########
..##.# #.# #.# #........
.....#
###.###.########.#######
####.#####................#
#### #
#.......#.###.########## #...
#.#######.###.### ##.## #.#
#.>.o@ยง.##########...#
#.###########.#....(.........#
#.............############...#
############### #####


You could see an orc warrior (combustible).

Vanquished Creatures
  Edmund (D:5)
  2 water moccasins
  A black bear (D:5)
  A centaur (D:6)
  An ogre (D:5)
  2 phantoms
  Blork the orc (D:4)
  A bullfrog (D:6)
  A necrophage (D:5)
  A scorpion (D:5)
  2 hounds
  A gnoll bouda (D:5)
  4 jellies
  Crazy Yiuf (D:6)
  3 iguanas
  5 gnolls (D:5)
  7 adders
  A shadow imp (D:6)
  A white imp (D:4)
  2 ufetubi
  A worm (D:2)
  3 dart slugs
  15 orcs
  6 endoplasms
  3 giant cockroaches (D:3)
  5 goblins
  5 hobgoblins
  3 quokkas
  12 ball pythons
  4 bats
  3 frilled lizards
  12 kobolds
  7 rats
118 creatures vanquished.

Vanquished Creatures (others)
  402 foxfires
  7 withered plants (D:3)
409 creatures vanquished.

Grand Total: 527 creatures vanquished

Notes
Turn   | Place    | Note
-------+----------+-------------------------------------------
     0 | D:1      | funkygono the Demonspawn Fire Elementalist began the quest
                  | for the Orb.
     0 | D:1      | Reached XP level 1. HP: 13/13 MP: 3/3
   263 | D:1      | Gained mutation: Your demonic aura sometimes causes spilled
                  | blood to erupt in flames. [demonic ancestry]
   263 | D:1      | Reached XP level 2. HP: 19/19 MP: 3/5
   266 | D:1      | Learned a level 2 spell: Scorch
  1124 | D:2      | Reached XP level 3. HP: 24/24 MP: 2/6
  1869 | D:2      | Learned a level 3 spell: Conjure Flame
  2180 | D:3      | Reached XP level 4. HP: 30/30 MP: 2/7
  2477 | D:3      | Found an iron altar of Okawaru.
  3027 | D:3      | Found an ancient bone altar of Kikubaaqudgha.
  3043 | D:3      | Found a faded altar of an unknown god.
  3439 | D:4      | Identified the +7 falchion of Eternal Vigilance {antimagic,
                  | Int+3}
  3594 | D:4      | Noticed a phantom
  3601 | D:4      | Killed a phantom
  3602 | D:4      | Reached XP level 5. HP: 35/35 MP: 4/9
  3654 | D:4      | Noticed a water moccasin
  3660 | D:4      | Killed a water moccasin
  3661 | D:4      | Gained mutation: You have an unusually large brain. (Int
                  | +2) [demonic ancestry]
  3661 | D:4      | Reached XP level 6. HP: 30/41 MP: 2/11
  3666 | D:4      | Learned a level 4 spell: Flame Wave
  4136 | D:4      | Noticed Blork the orc
  4142 | D:4      | Killed Blork the orc
  4757 | D:5      | Entered Level 5 of the Dungeon
  4801 | D:5      | Reached skill level 5 in Fire Magic
  4837 | D:5      | Reached XP level 7. HP: 46/46 MP: 8/13
  4916 | D:5      | Found a staircase to the Ecumenical Temple.
  4925 | Temple   | Entered the Ecumenical Temple
  5418 | D:5      | Found a sacrificial altar of Ru.
  5467 | D:5      | Found a radiant altar of Vehumet.
  5470 | D:5      | Found a shadowy altar of Dithmenos.
  5506 | D:5      | Noticed Edmund
  5519 | D:5      | Killed Edmund
  5520 | D:5      | Reached skill level 5 in Spellcasting
  5806 | D:5      | Gained mutation: You regenerate a little health from kills.
                  | [demonic ancestry]
  5806 | D:5      | Reached XP level 8. HP: 52/52 MP: 1/16
  6535 | D:5      | Learned a level 2 spell: Searing Ray
  6868 | D:6      | Found a runed translucent door.
  6869 | D:6      | Noticed Crazy Yiuf
  7056 | D:6      | Found a broken altar of Ashenzari.
  7648 | D:6      | Killed Crazy Yiuf
  7757 | D:6      | Reached skill level 5 in Conjurations
  7887 | D:5      | HP: 1/53 [orc warrior/+0 mace (7)]
  7888 | D:5      | Slain by an orc warrior

Illustrated notes

Levels and vault maps discovered:
D:1:      nicolae_arrival_memento_mori, layout_basic,
          nicolae_kite_square_tiling_tiny
D:2:      layout_basic, dk_noncrumbling_3
D:3:      layout_loops_corners, kiku_gazebo_garden_becter, lemuel_crystal_altar,
          okawaru_ov_weapons_minmay, ebering_ecumenical_altar_box,
          minmay_increasing_density
D:4:      layout_cave_pods, minmay_manual_macuahuitl, uniq_blork_the_orc
D:5:      layout_loops_ring, nicolae_overflow_hidden_temple,
          minmay_temple_entry_poolview, uniq_edmund
D:6:      layout_basic, ashenzari_conservatory_becter,
          chequers_ossuary_entry_cave, dreamdust_princess_bridge, minivault_14,
          hangedman_decor_slide_cut, nicolae_lava_and_water,
          grunt_ministairs_15, pf_guarded_unrand_meek, uniq_crazy_yiuf_cottage
Temple:   minmay_temple_forest_path

Skill      XL: |  1  2  3  4  5  6  7  8 |
---------------+-------------------------+-----
Fire Magic     | 3 4 5 6 |  6.4
Dodging        | 2 |  2.5
Conjurations   | 2 3 4 5 |  5.0
Spellcasting   | 3 4 5 6 |  6.3
Fighting       | |  0.5
Maces & Flails | |  0.1
Stealth        | |  1.7

Action                   |  1- 3 |  4- 6 |  7- 9 || total
-------------------------+-------+-------+-------++-------
Melee: Flail             |       |       |     1 ||     1
 Cast: Foxfire           |    81 |    83 |    70 ||   234
       Scorch            |     2 |     8 |    33 ||    43
       Conjure Flame     |       |       |     1 ||     1
  Use: Potion            |       |       |     2 ||     2
       Scroll            |       |       |    20 ||    20
Armor: Robe              |     6 |       |    13 ||    19
Dodge: Dodged            |    16 |     7 |    24 ||    47
